 Dungeon Crawl Stone Soup version 0.29.0-4-gdea44cf6ec (webtiles) character file.

Game seed: 16244659715793622433

29 qw the Chopper (level 3, -2/21 HPs)
             Began as a Tengu Warper on Aug 28, 2022.
             Slain by a black bear (3 damage)
             ... on level 4 of the Dungeon.
             The game lasted 00:00:08 (1215 turns).

qw the Chopper (Tengu Warper)                       Turns: 1215, Time: 00:00:08

Health: -2/21      AC:  3    Str: 13    XL:     3   Next: 16%
Magic:  7/7        EV: 12    Int: 13    God:
Gold:   64         SH:  0    Dex: 13    Spells: 6/6 levels left

rFire   . . .      SeeInvis .   Y - +0 hand axe
rCold   + . .      Faith    .   (no shield)
rNeg    . . .      Spirit   .   b - +0 leather armour
rPois   .          Reflect  .   (helmet restricted)
rElec   .          Harm     .   (no cloak)
rCorr   .          Rampage  .   (no gloves)
Will    .....                   (boots unavailable)
Stlth   +.........              (no amulet)
HPRegen 0.07/turn               i - ring of protection from cold
MPRegen 0.10/turn               (no ring)

@: no status effects
A: beak, talons 3
a: no special abilities


You were on level 4 of the Dungeon.
You visited 1 branch of the dungeon, and saw 3 of its levels.

You collected 64 gold pieces.


Innate Abilities, Weirdness & Mutations

You have a beak for a mouth.
You have claws for feet.


   Skills:
 - Level 2.0 Fighting
 + Level 3.9 Axes
 - Level 1.0 Throwing
 - Level 1.1 Armour
 - Level 2.1 Dodging
 - Level 2.0 Spellcasting
 - Level 2.4 Translocations


You had 6 spell levels left.
You didn't know any spells.
Your spell library contained the following spells:

 Spells                   Type           Power      Damage    Failure   Level
 Blink                    Tloc           14%        N/A       19%         2
 Gell's Gravitas          Tloc           7%         N/A       36%         3
 Lesser Beckoning         Tloc           7%         N/A       36%         3
 Teleport Other           Tloc           7%         N/A       36%         3
 Manifold Assault         Tloc           7%         N/A       98%         5

Inventory:

Hand Weapons
 d - a +0 club
 Y - a +0 hand axe (weapon)
Armour
 b - a +0 leather armour (worn)
Jewellery
 i - a ring of protection from cold (left hand)
Potions
 f - a potion of attraction {unknown}
 g - a potion of haste {unknown}
 k - a potion of degeneration {unknown}
 l - a potion of cancellation {unknown}
 m - a potion of might {unknown}

Dungeon Overview and Level Annotations

Branches:
Dungeon (2/15)

Altars:


Message History

You kill the kobold!
You start resting.
HP restored.
There is an open door here.
Found a stone staircase leading down.
There is a stone staircase leading down here.
You open the door.
A black bear and a quokka come into view.
Found 12 gold pieces.
You barely miss the black bear. The black bear bites you.
The black bear claws you but does no damage.
The black bear claws you.
You hit the black bear. Your kick misses the black bear.
You peck the black bear, but do no damage.
The black bear is lightly wounded.
The black bear misses you. The black bear claws you.
The black bear closely misses you.
You hit the black bear but do no damage.
You claw the black bear.
The black bear is moderately wounded.
The black bear closely misses you. The black bear barely misses you.
The black bear closely misses you.
You hit the black bear. You peck the black bear.
The black bear is moderately wounded.
The black bear bites you! The black bear closely misses you.
The black bear claws you.
You hit the black bear.
The black bear is heavily wounded.
The black bear bites you. The black bear claws you.
The black bear closely misses you.
You hit the black bear.
You peck the black bear, but do no damage.
The black bear is severely wounded.
The black bear bites you but does no damage.
The black bear closely misses you. The black bear claws you.
You closely miss the black bear.
The black bear is severely wounded.
The black bear bites you. The black bear claws you.
You die...

####################
...................#
.........###'#####.#
........##......##.#
.......>#...)....#.#
........#....#...#.#
........#..###...+.#
........+.. ##..###
.......@#.. ....#
.######h#........#
#r##......##
...####+### ...
..... .$... ......#


You could see a black bear and a quokka.

Vanquished Creatures
  A bat (D:1)
  2 endoplasms (D:1)
  2 giant cockroaches (D:1)
  3 goblins (D:1)
  4 hobgoblins (D:1)
  A quokka (D:1)
  5 ball pythons (D:1)
  5 kobolds
  3 rats (D:1)
26 creatures vanquished.

Notes
Turn   | Place    | Note
-------+----------+-------------------------------------------
     0 | D:1      | qw the Tengu Warper began the quest for the Orb.
     0 | D:1      | Reached XP level 1. HP: 12/12 MP: 4/4
     0 | D:1      | 0 ||| qw: Version: 0.1-a-89-g26bdef1
     0 | D:1      | 0 ||| qw: Game counter: 3018
     0 | D:1      | 0 ||| qw: Always use a shield: true
     0 | D:1      | 0 ||| qw: God list: Okawaru
     0 | D:1      | 0 ||| qw: Allow faded altars: false
     0 | D:1      | 0 ||| qw: Do Orc after D:15 true
     0 | D:1      | 0 ||| qw: Do second Lair branch before Depths: true
     0 | D:1      | 0 ||| qw: Lair rune preference: random
     0 | D:1      | 0 ||| qw: Plans: Normal
     0 | D:1      | 0 ||| PLANNING D:1-11
    39 | D:1      | 39 ||| Stepping ~*~*~tactically~*~*~ (stealth).
    40 | D:1      | 40 ||| Stepping ~*~*~tactically~*~*~ (stealth).
    45 | D:1      | 45 ||| Stepping ~*~*~tactically~*~*~ (stealth).
    47 | D:1      | 47 ||| Stepping ~*~*~tactically~*~*~ (stealth).
    49 | D:1      | 49 ||| Stepping ~*~*~tactically~*~*~ (stealth).
    79 | D:1      | Reached skill level 3 in Axes
    79 | D:1      | Reached XP level 2. HP: 14/17 MP: 6/6
   899 | D:1      | Reached XP level 3. HP: 18/21 MP: 7/7
  1098 | D:1      | 1098 ||| UPGRADING to ring of protection from cold.
  1099 | D:1      | 1099 ||| READING 3 scrolls labelled KEANIS VIALIE.
  1100 | D:1      | 1100 ||| READING scroll labelled EWNOKALOMI.
  1101 | D:1      | 1101 ||| READING scroll labelled LYOCOSTE MEYF.
  1102 | D:1      | 1102 ||| DRINKING 3 fuming red potions.
  1103 | D:1      | 1103 ||| DROPPING 2 scrolls of immolation.
  1104 | D:1      | 1104 ||| DROPPING scroll of blinking.
  1105 | D:1      | 1105 ||| DROPPING 2 potions of invisibility.
  1149 | D:2      | You fall into a shaft and drop 2 floors!
  1203 | D:4      | Noticed a black bear
  1214 | D:4      | HP: 4/21 [black bear (2)]
  1215 | D:4      | HP: 1/21 [black bear (3)]
  1215 | D:4      | Slain by a black bear

Levels and vault maps discovered:
D:1:      minmay_arrival_jagged, layout_basic
D:2:      layout_basic
D:4:      layout_basic, minmay_misc_feat_chi, chequers_decorated_corner,
          nicolae_shop_dragon_depot, st_stairs_7, kennysheep_another_room

Skill      XL: |  1 |
---------------+----+-----
Axes           | 3 |  3.9
Fighting       | |  2.0
Throwing       | |  1.0
Armour         | |  1.1
Dodging        | |  2.1
Spellcasting   | |  2.0
Translocations | |  2.4

Action                   || total
-------------------------++-------
Melee: Hand axe          ||    62
       Peck              ||    10
       Kick              ||    12
       Punch             ||     1
Throw: Boomerang         ||     7
  Use: Scroll            ||     3
       Potion            ||     1
Armor: Leather armour    ||    13
Dodge: Dodged            ||    33

Table legend:
 A = Non-vault XP
 B = Vault XP
 C = Vault XP percentage of total XP
 D = Non-vault monster count
 E = Vault monster count
 F = Vault count percentage of total count
                 A         B        C        D         E       F
            +---------+---------+-------+---------+---------+-------
      Total |      42 |       0 |   0.0 |      26 |       0 |   0.0
            +---------+---------+-------+---------+---------+-------
        D:1 |      40 |       0 |   0.0 |      25 |       0 |   0.0
        D:4 |       2 |       0 |   0.0 |       1 |       0 |   0.0
            +---------+---------+-------+---------+---------+-------
